Map: Ruins of Seras

Players

kalbbang - Winner!

  • Race: Zerg Zerg
  • League: Gold

Bagain

  • Race: Protoss Protoss
  • League: Gold

VOD

Have the link to the VOD?

Description

Time

  • Played on: Feb. 7, 2016, 10:18 a.m.
  • Length: 13:56
Show
View Real Time Build Order
Export as new Build Order

kalbbang Zerg - Winner!

Build Orders: 3 Hatch before Pool, Lurkers 

Get SALT Encoding   

  12  0:01  Drone  
  13  0:08  Drone  
  14  0:17  Overlord  
  14  0:35  Drone x2  
  14  0:36  Drone  
  17  0:46  Drone  
  18  1:01  Hatchery  
  17  1:25  Drone x2  
  19  1:27  Hatchery  
  18  1:39  Spawning Pool  
  17  1:41  Extractor  
  17  1:46  Overlord  
  16  1:51  Drone  
  16  1:53  Drone  
  18  1:59  Drone  
  19  2:09  Drone  
  19  2:13  Drone  
  21  2:21  Drone  
  22  2:24  Drone  
  22  2:25  Queen  
  25  2:30  Queen  
  27  2:41  Roach Warren  
  26  2:45  Zergling x2  
  27  2:52  Queen  
  27  2:57  Drone  
  30  2:58  Drone  
  30  3:01  Drone  
  32  3:11  Spore Crawler  
  31  3:22  Roach x2  
  31  3:24  Overlord, Spore Crawler  
  34  3:28  Drone  
  35  3:41  Overlord  
  35  3:50  Evolution Chamber  
  35  3:51  Evolution Chamber  
  35  3:54  Extractor  
  32  3:57  Drone x3  
  32  4:01  Drone x3  
  32  4:02  Drone  
  39  4:12  Drone x3  
  41  4:20  Metabolic Boost  
  41  4:24  Zerg Ground Armor Level 1  
  41  4:34  Roach x2  
  41  4:35  Zergling x2  
  46  4:44  Drone  
  51  4:45  Roach x2  
  51  4:47  Zergling x2  
  52  4:55  Lair  
  52  5:00  Zergling x4  
  52  5:01  Zergling x4  
  52  5:05  Drone  
  57  5:08  Overlord  
  57  5:10  Overlord  
  59  5:28  Roach x2  
  59  5:29  Roach  
  59  5:32  Zergling x4  
  65  5:39  Roach x2  
  69  5:49  Overlord x3  
  69  5:50  Overlord  
  69  5:53  Extractor  
  69  5:55  Extractor  
  69  5:56  Drone x3  
  70  5:57  Drone x2  
  70  6:00  Drone  
  73  6:14  Overseer  
  73  6:19  Drone x4  
  73  6:22  Drone x3  
  73  6:23  Drone x3  
  83  6:28  Drone  
  84  6:33  Glial Reconstitution  
  84  6:35  Zerg Missile Weapons Level 1  
  84  6:48  Hydralisk Den  
  84  6:49  Drone  
  84  6:51  Zerg Ground Armor Level 2  
  84  6:59  Extractor  
  84  7:01  Extractor, Drone  
  82  7:02  Drone x2  
  82  7:03  Drone x3  
  82  7:04  Drone x2  
  82  7:05  Drone x2  
  82  7:07  Drone  
  93  7:09  Drone  
  94  7:29  Drone x3  
  97  7:30  Drone x3  
  97  7:31  Drone  
  101  7:42  Overseer  
  101  7:43  Hatchery  
  100  7:49  Pneumatized Carapace  
  100  7:55  Lurker Den  
  100  7:58  Drone x2  
  102  8:05  Drone  
  103  8:06  Hatchery  
  103  8:09  Spire  
  103  8:10  Spire, Drone x2  
  102  8:14  Queen  
  104  8:20  Roach  
  104  8:22  Overlord x6  
  104  8:25  Overlord  
  106  8:33  Overlord x3  
  106  8:45  Roach  
  106  8:46  Roach x4  
  117  8:48  Zergling x2  
  117  9:00  Hydralisk x3  
  117  9:01  Hydralisk  
  125  9:12  Ravager x6  
  125  9:13  Ravager x6  
  125  9:14  Ravager  
  138  9:17  Hydralisk  
  138  9:18  Zergling x2  
  138  9:19  Zergling x6  
  144  9:31  Hydralisk x3  
  148  9:48  Hatchery  
  147  9:59  Hatchery  
  146  10:10  Lurker x4  
  148  10:28  Hydralisk x2  
  148  10:29  Hydralisk x2  
  148  10:32  Zergling x8  
  148  10:33  Zergling x2  
  138  10:45  Zergling x6  
  120  11:00  Hydralisk  
  120  11:01  Hydralisk x2  
  119  11:17  Hydralisk x3  
  119  11:18  Hydralisk x3  
  124  11:25  Queen  
  130  11:32  Overseer  
  130  11:40  Infestation Pit  
  129  11:59  Lurker x4  
  129  12:00  Hatchery  
  132  12:02  Zergling x6  
  132  12:03  Zergling x4  
  137  12:12  Hatchery  
  136  12:24  Muscular Augments  
  136  12:34  Hydralisk x5  
  136  12:35  Zergling x2  
  136  12:36  Zergling x18  
  156  13:04  Extractor, Hydralisk  
  156  13:05  Extractor, Hydralisk x6  
  144  13:21  Hydralisk x8  
  131  13:38  Zergling x8  
  131  13:39  Zergling x6  
Show
View Real Time Build Order
Export as new Build Order

Bagain Protoss 

Build Orders:  

Get SALT Encoding   

  12  0:01  Probe (Chrono Boost)  
  13  0:12  Probe (Chrono Boost)  
  14  0:22  Pylon  
  14  0:24  Probe (Chrono Boost)  
  15  0:41  Probe (Chrono Boost)  
  16  0:50  Gateway  
  16  0:51  Probe (Chrono Boost)  
  17  1:02  Probe (Chrono Boost)  
  18  1:05  Assimilator  
  18  1:12  Probe (Chrono Boost)  
  19  1:23  Probe (Chrono Boost)  
  20  1:27  Pylon  
  20  1:33  Probe (Chrono Boost)  
  21  1:40  Cybernetics Core  
  21  1:53  Nexus  
  21  2:01  Probe (Chrono Boost), Assimilator  
  22  2:13  Pylon  
  22  2:19  Adept  
  24  2:23  Probe (Chrono Boost)  
  25  2:34  Gateway  
  25  2:38  Probe (Chrono Boost)  
  27  2:51  Probe (Chrono Boost)  
  27  2:57  Adept  
  27  2:58  Warp Gate  
  29  3:09  Robotics Facility  
  29  3:13  Gateway  
  29  3:16  Probe x2 (Chrono Boost)  
  31  3:26  Adept  
  34  3:27  Probe (Chrono Boost)  
  34  3:33  Probe (Chrono Boost)  
  35  3:37  Probe (Chrono Boost)  
  36  3:47  Mothership Core (Chrono Boost)  
  38  3:49  Probe (Chrono Boost)  
  38  3:50  Stargate  
  39  3:55  Adept  
  39  3:58  Observer (Chrono Boost)  
  39  3:59  Probe  
  43  4:05  Probe  
  43  4:09  Adept x2  
  48  4:12  Probe  
  48  4:15  Probe  
  49  4:23  Pylon  
  49  4:24  Probe  
  51  4:31  Probe  
  52  4:39  Stargate  
  52  4:47  Probe  
  52  4:48  Assimilator  
  52  4:49  Probe, Assimilator  
  58  4:53  Immortal (Chrono Boost)  
  58  4:58  Probe  
  59  5:05  Adept  
  61  5:11  Pylon  
  61  5:15  Pylon  
  61  5:20  Pylon  
  59  5:46  Immortal (Chrono Boost)  
  59  5:47  Phoenix  
  59  5:48  Phoenix  
  67  5:58  Probe  
  67  6:00  Probe  
  67  6:04  Stalker x2  
  73  6:09  Probe  
  74  6:13  Gateway  
  74  6:14  Gateway  
  74  6:15  Gateway  
  74  6:17  Phoenix  
  76  6:42  Nexus, Phoenix x2  
  76  6:46  Zealot x3  
  86  7:00  Pylon  
  86  7:04  Pylon  
  86  7:07  Assimilator  
  86  7:13  Assimilator  
  86  7:18  Phoenix  
  86  7:19  Immortal (Chrono Boost)  
  86  7:21  Stalker  
  86  7:22  Stalker x4  
  102  7:29  Pylon  
  102  7:30  Pylon  
  102  8:04  Stalker x5  
  102  8:05  Stalker  
  114  8:07  Phoenix x2  
  118  8:59  Stalker  
  118  9:00  Stalker x5  
  130  9:46  Pylon  
  130  9:48  Pylon  
  130  9:52  Pylon  
  130  9:53  Pylon  
  130  9:55  Pylon  
  130  9:56  Pylon  
  130  9:57  Pylon  
  130  10:03  Fleet Beacon  
  130  10:05  Void Ray x2 (Chrono Boost)  
  130  10:06  Pylon  
  138  10:09  Pylon  
  138  10:11  Pylon  
  138  10:17  Stalker x6  
  100  11:19  Stalker x6  
  100  11:23  Tempest x2 (Chrono Boost)  
  120  11:36  Gateway  
  120  11:37  Gateway  
  120  11:39  Gateway  
  120  11:44  Probe  
  120  11:45  Probe x2  
  123  11:55  Zealot x2  
  123  11:57  Probe, Zealot  
  123  11:58  Probe  
  123  12:00  Observer, Tempest (Chrono Boost)  
  136  12:14  Zealot x3  
  136  12:15  Probe  
  142  12:16  Probe x2  
  142  12:21  Observer  
  146  12:52  Tempest x2 (Chrono Boost)  
  154  13:00  Stalker x5  
  95  13:35  Stalker x3  
  95  13:36  Stalker x3  
Tags
 
Composition
Lurkers
League
GoldGold
Matchup
PvZ
Replay Pack
rep
Add a new tag
Caveats
  • Supply blocks, unpowered buildings, or Contaminate may cause inaccurate times.
  • Supply counts are checked every 10 seconds.